 Dungeon Sprint DCSS version 0.17.0-28-g6e173f8 (webtiles) character file.

19 Ponchio the Prestidigitator (level 2, -22/15 HPs)
             Began as a Deep Elf Fire Elementalist on Dec 3, 2015.
             Was an Initiate of Vehumet.
             Killed by a mummy priest's death curse (37 damage)
             ... in the Dungeon (Sprint V: "Ziggurat Sprint").
             The game lasted 00:02:49 (105 turns).

Ponchio the Prestidigitator (DEFE)                   Turns: 105, Time: 00:03:06

Health: -22/15     AC: 25    Str:  5    XL:     2   Next: 55%
Magic:  15/15      EV: -4    Int: 25    God:    Vehumet [......]
Gold:   0          SH:  0    Dex: 27    Spells: 1 memorised, 7 levels left

rFire  . . .     SeeInvis .     I - +6 Majin-Bo {vamp, Archmagi MP+6 Int+6}
rCold  . . .     Clarity  .     J - +15 Maxwell's patent armour {-Cast -Tele rElec MR+ rCorr}
rNeg   . . .     SustAt   .     (shield currently unavailable)
rPois  .         Gourm    .     (no helmet)
rElec  +         Spirit   .     (no cloak)
rCorr  +         Warding  .     (no gloves)
rMut   .         NoTele   +     (no boots)
MR     +....     NoCast   +     (no amulet)
Stlth  ..........               z - +6 ring of dexterity
                                y - +6 ring of dexterity

@: very slightly contaminated, hasted, very quick, somewhat resistant to hostile
enchantments, extremely unstealthy
A: no striking features
a: Renounce Religion


You were in the Dungeon.
You worshipped Vehumet.
Vehumet was noncommittal.
You were not hungry.

You visited 1 branch

Inventory:

Hand Weapons
 I - the +6 Majin-Bo (weapon) {vamp, Archmagi MP+6 Int+6}
   (You found it in the Dungeon)

   It inflicts no extra harm, but heals its wielder somewhat when it strikes a
   living foe.
   It affects your intelligence (+6).
   It affects your magic capacity (+6).
Armour
 a - a +0 robe
 J - the +15 Maxwell's patent armour (worn) {-Cast -Tele rElec MR+ rCorr}
   (You found it in the Dungeon)

   It insulates you from electricity.
   It affects your resistance to hostile enchantments.
   It prevents spellcasting.
   It prevents most forms of teleportation.
   It protects you from acid and corrosion.
Jewellery
 y - a +6 ring of dexterity (left hand)
 z - a +6 ring of dexterity (right hand)
 A - a +6 ring of intelligence
 B - a +6 ring of intelligence
 C - a +6 ring of strength
 D - a +6 ring of strength
Wands
 E - a wand of disintegration (7)
 F - a wand of fire (3)
 G - a wand of cold (5)
 H - a wand of draining (5)
Scrolls
 i - 4 scrolls of blinking
 p - 4 scrolls of amnesia
 q - 3 scrolls of recharging
 r - 7 scrolls of fog
 s - a scroll of holy word
 t - 5 scrolls of identify
 u - 5 scrolls of remove curse
 v - 2 scrolls of fear
Potions
 d - 10 potions of curing
 e - 10 potions of heal wounds
 f - 5 potions of haste
 g - 7 potions of magic
 h - 3 potions of berserk rage
 j - 2 potions of brilliance
 k - 2 potions of invisibility
 l - 4 potions of resistance
 n - 5 potions of agility
 o - 5 potions of might
Books
 b - a book of Flames

   Spells                             Type                      Level
   a - Flame Tongue                   Conjuration/Fire             1
   b - Throw Flame                    Conjuration/Fire             2
   c - Conjure Flame                  Conjuration/Fire             3
   d - Inner Flame                    Hexes/Fire                   3
   e - Sticky Flame                   Conjuration/Fire             4
   f - Fireball                       Conjuration/Fire             5
Comestibles
 c - 5 bread rations
 w - 40 fruits
 x - 4 meat rations


   Skills:
 - Level 2.4 Dodging
 - Level 2.4 Stealth
 + Level 3.7 Spellcasting
 + Level 2.1 Conjurations
 - Level 3.2 Fire Magic
 - Level 8.0 Evocations


You had 7 spell levels left.
You knew the following spells:

 Your Spells              Type           Power        Failure   Level  Hunger
a - Flame Tongue          Conj/Fire      ####.        100%        1    None


Dungeon Overview and Level Annotations

Branches:
Dungeon (1/1)

Altars:
Ashenzari
Cheibriados
Dithmenos
Elyvilon
Fedhas
Gozag
Kikubaaqudgha
Makhleb
Nemelex Xobeh
Okawaru
Qazlal
Ru
Sif Muna
Trog
Vehumet
Xom
Yredelemnul
Zin
The Shining One
Beogh
Jiyva
Lugonu


Message History

Okay, then.
Evoke which item? (* to show all) (? for menu, Esc to quit)
Zapping:
F - a wand of fire (4)
Press: ? - help, Shift-Dir - straight line, f/p - mummy priest
Aim: a mummy priest (heavily damaged)
The bolt of fire hits the mummy priest.
The mummy priest is severely damaged.
This wand has 3 charges left.
The mummy priest hits you but does no damage.
Evoke which item? (* to show all) (? for menu, Esc to quit)
Zapping:
F - a wand of fire (3)
Press: ? - help, Shift-Dir - straight line, f/p - mummy priest
Aim: a mummy priest (severely damaged)
The bolt of fire hits the mummy priest.
You destroy the mummy priest!
Vehumet accepts your kill.
You feel extremely nervous for a moment...
You convulse helplessly as pain tears through your body!
Ouch! That really hurt!
You die...

▓▓▓▓▓▓▓
▓.8©8.▓
▓.....▓
▓.|.}.▓
▓.....▓
▓.....▓
▓..@..▓
▓▓▓▓▓▓▓


There were no monsters in sight!

Vanquished Creatures
  A mummy (D)
1 creature vanquished.

Notes
Turn   | Place    | Note
--------------------------------------------------------------
     0 | D        | Ponchio the Deep Elf Fire Elementalist began the quest for the Orb.
     0 | D        | Reached XP level 1. HP: 10/10 MP: 6/6
     0 | D        | Found a roughly hewn altar of Beogh.
     0 | D        | Found a viscous altar of Jiyva.
     0 | D        | Found a corrupted altar of Lugonu.
     0 | D        | Found a white marble altar of Elyvilon.
     0 | D        | Found a sparkling altar of Nemelex Xobeh.
     1 | D        | Found a burning altar of Makhleb.
     1 | D        | Found an iron altar of Okawaru.
     1 | D        | Found a deep blue altar of Sif Muna.
     1 | D        | Found a radiant altar of Vehumet.
     1 | D        | Found a bloodstained altar of Trog.
     1 | D        | Found a shimmering altar of Xom.
    32 | D        | Became a worshipper of Vehumet
    54 | D        | Reached skill level 8 in Evocations
    54 | D        | Reached XP level 2. HP: 15/15 MP: 8/9
   101 | D        | Entered arena 1.
   101 | D        | Noticed a mummy priest
   105 | D        | Killed a mummy priest
   105 | D        | Killed by a mummy priest's death curse

Action                   || total
-------------------------++-------
Evoke: Wand              ||     2
  Use: Potion            ||     2
  Eat: Fruit             ||     2
